 Dungeon Crawl Stone Soup version 0.24.1-8-ga250c9d538 (webtiles) character file.

Game seed: 10979107125425647570, levelgen mode: deterministic

72 raph the Charmwright (level 4, -5/33 HPs)
             Began as a Merfolk Skald on May 1, 2020.
             Was an Initiate of Kikubaaqudgha.
             Killed from afar by a white imp (8 damage)
             ... with a puff of frost
             ... summoned by Natasha
             ... on level 2 of the Dungeon.
             The game lasted 00:04:42 (2378 turns).

raph the Charmwright (Merfolk Skald)                Turns: 2378, Time: 00:04:42

Health: -5/33      AC:  3    Str: 11    XL:     4   Next: 25%
Magic:  1/7        EV: 12    Int: 12    God:    Kikubaaqudgha [......]
Gold:   84         SH:  0    Dex: 14    Spells: 2/8 levels left

rFire    . . .     SeeInvis .   a - +0 spear
rCold    . . .     Gourm    .   (no shield)
rNeg     . . .     Faith    .   b - +0 leather armour
rPois    .         Spirit   .   (no helmet)
rElec    .         Reflect  .   (no cloak)
rCorr    .         Harm     .   (no gloves)
MR       .....                  (no boots)
Stlth    +.........             (no amulet)
HPRegen  0.11/turn              (no ring)
MPRegen  0.10/turn              (no ring)

@: infused
A: change form in water, swift swim, stealthy swim
a: Renounce Religion


You were on level 2 of the Dungeon.
You worshipped Kikubaaqudgha.
Kikubaaqudgha was noncommittal.
You were not hungry.

You visited 1 branch of the dungeon, and saw 2 of its levels.

You collected 84 gold pieces.

Inventory:

Hand Weapons
 a - a +0 spear (weapon)
Missiles
 c - 94 stones (quivered)
Armour
 b - a +0 leather armour (worn)
Potions
 f - a potion of flight
 g - a potion of brilliance
 h - a potion of mutation
Comestibles
 d - 2 rations
 i - 3 chunks of flesh


   Skills:
 - Level 2.1 Fighting
 - Level 3.7 Polearms
 - Level 0.6 Armour
 - Level 2.6 Dodging
 + Level 2.6 Spellcasting
 * Level 4.6 Charms
 + Level 0.2 Necromancy


You had 2 spell levels left.
You knew the following spells:

 Your Spells              Type           Power        Failure   Level  Hunger
a - Infusion              Chrm           ##..         4%          1    #......
b - Shroud of Golubria    Chrm/Tloc      #.....       21%         2    ###....
c - Regeneration          Chrm/Necr      #.........   36%         3    ###....

Your spell library contained the following spells:

 Spells                   Type           Power        Failure   Level  Hunger
 Song of Slaying          Chrm           ##......     8%          2    ###....
 Spectral Weapon          Hex/Chrm       #.......     36%         3    ###....


Dungeon Overview and Level Annotations

Branches:
Dungeon (2/15)

Altars:
Kikubaaqudgha

Annotations:
D:2 Natasha


Message History

* * * LOW HITPOINT WARNING * * *
You hit Natasha.
Natasha is almost dead.
Natasha claws you.
* * * LOW HITPOINT WARNING * * *
Okay, then.
You aren't carrying any scrolls.
Natasha mumbles some strange words.
Attack whom?
Press: ? - help, Dir - move target cursor, f - Natasha
Aim: Natasha (almost dead)
You reach to attack!
You barely miss Natasha.
Natasha is almost dead.
Natasha mumbles some strange words.
The white imp grins evilly.
The white imp puffs mist at you. The white imp gestures at you.
The puff of frost hits you!
You die...
Kikubaaqudgha rasps: "You have failed me!
Welcome... death!"

#......# #.#....
#......# #.#._..
#......# #.#.≈.. #.
+......# ##.#..≈≈ #.
#......######..##...
#.
#.†..........##..≈
#.
#÷#.########.#....
#. #.#.# #...⌠.. #.
#@#.##### #......
#.#####.#.....#
#.###..
#...h.5.#.....# #.#
#.# #########.....#
#.# #.# #.#####
#.###.# #.# #......
#.### #######
#...####### #.
#.........# #.


You could see a white imp.

Vanquished Creatures
  2 adders (D:2)
  An ooze (D:1)
  A worm (D:2)
  A dart slug (D:1)
  3 leopard geckos (D:1)
  2 bats
  7 goblins
  3 hobgoblins
  2 jackals (D:1)
  4 frilled lizards
  13 kobolds
  3 rats (D:1)
42 creatures vanquished.

Vanquished Creatures (others)
  5 plants (D:2)
5 creatures vanquished.

Grand Total: 47 creatures vanquished

Notes
Turn   | Place    | Note
-------+----------+-------------------------------------------
     0 | D:1      | raph the Merfolk Skald began the quest for the Orb.
     0 | D:1      | Reached XP level 1. HP: 16/16 MP: 3/3
   177 | D:1      | Reached XP level 2. HP: 16/22 MP: 0/5
   826 | D:1      | Learned a level 2 spell: Shroud of Golubria
   916 | D:1      | Reached skill level 4 in Charms
   916 | D:1      | Reached XP level 3. HP: 20/27 MP: 1/6
  1676 | D:2      | Learned a level 3 spell: Regeneration
  2143 | D:2      | Found an ancient bone altar of Kikubaaqudgha.
  2169 | D:2      | Reached XP level 4. HP: 33/33 MP: 0/7
  2212 | D:2      | Became a worshipper of Kikubaaqudgha
  2363 | D:2      | Noticed Natasha
  2378 | D:2      | Killed from afar by a white imp

Levels and vault maps discovered:
D:1:      dpeg_arrival_tiny_c, layout_basic
D:2:      layout_basic, kiku_gazebo_pond_becter, fiery_altar_vehumet,
          lexackson_kobold_supper, uniq_natasha

Skill      XL: |  1  2 |
---------------+-------+-----
Charms         | 4 |  4.6
Fighting       | |  2.1
Polearms       | |  3.7
Armour         | |  0.6
Dodging        | |  2.6
Spellcasting   | |  2.6
Necromancy     | |  0.2

Action                   |  1- 3 |  4- 6 || total
-------------------------+-------+-------++-------
Melee: Spear             |   131 |    19 ||   150
 Cast: Infusion          |    20 |     4 ||    24
       Shroud of Golubri |     1 |       ||     1
  Use: Scroll            |     4 |       ||     4
 Stab: Sleeping          |     1 |       ||     1
  Eat: Chunk             |     3 |     2 ||     5
Armor: Leather armour    |    17 |     4 ||    21
Dodge: Dodged            |    56 |     6 ||    62
